 Dungeon Crawl Stone Soup version 0.11.3 (console) character file.

2631 Lightli the Blackguard (level 9, -2/47 HPs)
             Began as a Deep Elf Stalker on July 3, 2022.
             Slain by Prince Ribbit (14 damage)
             ... on Level 7 of the Dungeon.
             The game lasted 00:19:36 (7682 turns).

Lightli the Blackguard (Deep Elf Stalker)           Turns: 7682, Time: 00:19:36

HP  -2/47        AC  6     Str  7      XL: 9   Next: 18%
MP  32/34        EV 15     Int 21      God:
Gold 340         SH  0     Dex 16      Spells:  3 memorised, 13 levels left

Res.Fire  : . . .   See Invis. : .   a - +2,+3 elf dagger {=f}
Res.Cold  : . . .   Warding    : .   b - +0 elf robe
Life Prot.: . . .   Conserve   : +   (no shield)
Res.Poison: .       Res.Corr.  : .   (no helmet)
Res.Elec. : .       Clarity    : .   c - +0 elf cloak
Sust.Abil.: . .     Spirit.Shd : .   r - +1 pair of dwarf gauntlets (curse)
Res.Mut.  : .       Stasis     : .   t - +0 pair of boots
Res.Rott. : .       Ctrl.Telep.: .   h - cursed amulet of conservation
Saprovore : . . .   Levitation : .   u - ring of magical power Ctrl.Flight: .
                                     p - +2 ring of evasion

@: somewhat resistant to hostile enchantments, stealthy
A: hooves 1
a: no special abilities


You were on level 7 of the Dungeon.
You were hungry.

You visited 1 branch of the dungeon, and saw 8 of its levels.

You collected 320 gold pieces.

Inventory:

Hand weapons
 a - a +2,+3 elven dagger (weapon) {=f}
 g - a +2,-1 orcish dagger of freezing
 x - the +10,+1 hand axe of Reapportionment (quivered) {drain, rC+ MR}
   (You found it on level 4 of the Dungeon)

   A truly terrible weapon, it drains the life of those it strikes.
   It protects you from cold.
   It increases your resistance to enchantments.
Armour
 b - a +0 elven robe (worn)
 c - a +0 elven cloak (worn)
 r - a cursed +1 pair of dwarven gauntlets (worn)
 t - a +0 pair of boots (worn)
Magical devices
 e - a wand of polymorph other (18)
Comestibles
 f - 3 bread rations
 B - a choko
 D - an apple
Scrolls
 i - a scroll of recharging {unknown}
 m - 2 scrolls of teleportation
 q - 3 scrolls of remove curse
Jewellery
 h - a cursed amulet of conservation (around neck)
 p - a +2 ring of evasion (left hand)
 s - an uncursed ring of fire
 u - a ring of magical power (right hand)
Potions
 j - 5 potions of curing
 k - 2 potions of brilliance
 l - a potion of speed
 n - a potion of paralysis {unknown}
 o - 3 potions of restore abilities
 v - a potion of slowing
 w - 6 potions of confusion
 z - a potion of magic
 C - a potion of resistance
Books
 d - a book of Stalking

   Spells                             Type                      Level
   *Fulsome Distillation              Transmutation/Necromancy     1
   *Evaporate                         Fire/Transmutation           2
   Passwall                           Transmutation/Earth          3
   *Petrify                           Transmutation/Earth          4
   Dig                                Transmutation/Earth          4


   Skills:
 - Level 0.7 Fighting
 - Level 1.0 Short Blades
 + Level 2.6 Dodging
 - Level 2.4 Stealth
 - Level 8.1 Stabbing
 - Level 6.4 Spellcasting
 - Level 5.7 Transmutations
 - Level 5.4 Earth Magic


You had 13 spell levels left.
You knew the following spells:

 Your Spells              Type           Power        Failure   Level  Hunger
a - Fulsome Distillation  Trmt/Necr      N/A          3%          1    None
b - Evaporate             Fire/Trmt      ####...      6%          2    None
c - Petrify               Trmt/Erth      #####....    12%         4    ###....


Dungeon Overview and Level Annotations

Branches:
Dungeon (8/27)
 Temple: D:4-7          Orc: D:6-11        Lair: D:8-13

Altars:
Xom

Shops:
D:6: *

Annotations
D:7 Prince Ribbit


Innate Abilities, Weirdness & Mutations

You have large cloven feet.


Message History

Press: ? - help, Shift-Dir - straight line, f - hound
Aim: a hound The hound is moving more slowly.
The hound bites you but does no damage. The hound closely misses you.
Unknown command.
Prince Ribbit blinks!
The orc wizard mumbles some strange words.
The orc wizard flickers and vanishes!
Deactivating autopickup; reactivate with Ctrl-A.
Unknown command.
Prince Ribbit asks, "Just a little smooch?"
Prince Ribbit hits you!
Prince Ribbit blinks!
Prince Ribbit hits you! Prince Ribbit hits you!
* * * LOW HITPOINT WARNING * * *
You are feeling hungry.
There is a stone staircase leading down here.
Prince Ribbit hits you!
You die...

............................
gg................o..........
..............................
...gg.........................
##.....#?...o.#l...#.........
#..............#.............
#..........#.#h#..#.........
###...#..hF##...............
##.#.....@#.............#.
##......###..#...........
#...#.## #..............
##.#### ##............. ###
##...#......#.#
#.f..#...o.#### ##....#.....#
##..l.....## #........##


You could see Prince Ribbit and a jackal.

Vanquished Creatures
  Pikel (D:7)
  Menkaure (D:7)
  4 slaves
  An orc warrior (D:6)
  7 centaurs
  An ogre (D:5)
  2 giant frogs
  A killer bee (D:5)
  A crimson imp (D:6)
  A hound zombie (D:6)
  5 hounds
  3 orc wizards
  An iguana (D:4)
  A scorpion (D:6)
  A worker ant (D:7)
  A worker ant zombie (D:7)
  Jessica (D:2)
  2 jellies
  3 gnolls (D:3)
  9 adders
  An inept feature mimic (D:6)
  An iguana skeleton (D:4)
  A worm (D:7)
  3 giant geckos
  An ooze (D:3)
  11 orcs
  3 ball pythons
  7 bats
  4 giant cockroaches
  8 hobgoblins
  11 jackals
  A quokka (D:3)
  7 giant newts
  8 goblins
  A hobgoblin skeleton (D:3)
  8 kobolds
  An orc skeleton (D:6)
  11 rats
  4 ballistomycetes (D:6)
139 creatures vanquished.

Vanquished Creatures (others)
  An orc priest (D:6)
  A giant spore (D:6)
  A toadstool (D:1)
3 creatures vanquished.

Grand Total: 142 creatures vanquished

Notes
Turn   | Place    | Note
--------------------------------------------------------------
     0 | D:1      | Lightli, the Deep Elf Stalker, began the quest for the Orb.
     0 | D:1      | Reached XP level 1. HP: 12/12 MP: 2/2
    20 | D:2      | Noticed Jessica
   364 | D:1      | Reached skill level 3 in Transmutations
   435 | D:1      | Reached XP level 2. HP: 16/16 MP: 4/4
   441 | D:1      | Learned a level 2 spell: Evaporate
  1131 | D:2      | Killed Jessica
  1131 | D:2      | Reached skill level 4 in Transmutations
  1131 | D:2      | Reached XP level 3. HP: 15/20 MP: 3/7
  1776 | D:2      | Reached XP level 4. HP: 13/25 MP: 5/9
  2050 | D:3      | Reached skill level 5 in Transmutations
  2634 | D:3      | Gained mutation: Your muscles are strong, but stiff (Str +1, Dex -1). [potion of mutation]
  2634 | D:3      | Lost mutation: Your muscles are strong, but stiff (Str +1, Dex -1). [potion of mutation]
  2634 | D:3      | Gained mutation: You have large cloven feet. [potion of mutation]
  2745 | D:4      | Reached XP level 5. HP: 29/29 MP: 11/11
  2759 | D:4      | Learned a level 4 spell: Petrify
  2796 | D:4      | Reached skill level 1 in Earth Magic
  2978 | D:4      | Noticed a centaur
  3002 | D:4      | Killed a centaur
  3002 | D:4      | Reached XP level 6. HP: 14/34 MP: 5/14
  3434 | D:4      | Got a crude hand axe
  3435 | D:4      | Identified the hand axe of Reapportionment {drain, rC+ MR} (You found it on level 4 of the Dungeon)
  3567 | D:5      | Entered Level 5 of the Dungeon
  3670 | D:5      | Found a shimmering altar of Xom.
  4180 | D:5      | Reached skill level 5 in Earth Magic
  4180 | D:5      | Reached XP level 7. HP: 30/38 MP: 16/16
  4719 | D:6      | Reached skill level 5 in Spellcasting
  4822 | D:6      | Found a shimmering altar of Xom.
  4872 | D:7      | Reached skill level 6 in Spellcasting
  5209 | D:6      | Found Suara's General Store.
  5252 | D:6      | Reached XP level 8. HP: 32/43 MP: 23/23
  5986 | D:7      | Noticed Menkaure
  5989 | D:7      | Noticed Pikel
  6385 | D:6      | Reached skill level 5 in Stabbing
  6683 | D:7      | Killed Menkaure
  6927 | D:7      | Killed Pikel
  6927 | D:7      | Reached skill level 7 in Stabbing
  6927 | D:7      | Reached XP level 9. HP: 44/47 MP: 25/25
  7356 | D:8      | Reached skill level 8 in Stabbing
  7666 | D:7      | Noticed Prince Ribbit
  7682 | D:7      | Slain by Prince Ribbit
